 Dungeon Crawl Stone Soup version 0.14-a0-1653-g0ad7a2c (webtiles) character file.

408 HollowCharge the Cudgeler (level 6, -2/66 HPs)
             Began as an Ogre Gladiator on Dec 27, 2013.
             Killed from afar by Sigmund (10 damage)
             ... with a puff of flame
             ... on Level 3 of the Dungeon.
             The game lasted 00:20:57 (3882 turns).

HollowCharge the Cudgeler (Ogre Gladiator)          Turns: 3882, Time: 00:20:58

HP  -2/66        AC  3     Str 23      XL: 6   Next: 35%
MP   6/6         EV 11     Int  7      God:
Gold 110         SH  0     Dex 10      Spells:  0 memorised,  5 levels left

rFire  . . .     SeeInvis .     l - +1,+3 whip
rCold  . . .     Clarity  .     a - +0 robe
rNeg   . . .     Conserve .     (shield restricted)
rPois  .         rCorr    .     c - +0 cap
rElec  .         rRot     .     (no cloak)
SustAb . .       Spirit   .     (gloves unavailable)
rMut   .         Warding  .     (boots unavailable)
Saprov + . .     Stasis   .     (no amulet)
                                (no ring)
                                (no ring)

@: mildly poisoned, slowed, very slow, slightly resistant to hostile
enchantments, unstealthy
A: unfitting armour, fast metabolism 1, saprovore 1, tough skin 1
a: no special abilities


You were on level 3 of the Dungeon.
You were very hungry.

You visited 1 branch of the dungeon, and saw 4 of its levels.

You collected 110 gold pieces.

Inventory:

Hand weapons
 l - a +1,+3 whip (weapon)
 m - a +0,+1 flail
Armour
 a - a +0 robe (worn)
 c - a +0 cap (worn)
 i - a +0 robe
Magical devices
 s - a wand of random effects (7) {unknown}
 u - a wand of magic darts (4)
Comestibles
 d - a chunk of worm flesh
 f - 3 meat rations
Scrolls
 b - 2 scrolls of identify
 e - a scroll of recharging {unknown}
 g - a scroll of enchant armour
 k - a scroll of noise {unknown}
 n - 2 scrolls of curse armour {unknown}
 o - a scroll of curse weapon {unknown}
 p - a scroll of immolation {unknown}
 q - 2 scrolls of enchant weapon I {unknown}
 r - a scroll of teleportation {unknown}
Potions
 h - a potion of porridge
 t - a potion of restore abilities {unknown}
 v - a potion of berserk rage {unknown}


   Skills:
 + Level 5.4 Fighting
 + Level 6.5 Maces & Flails
 - Level 2.1 Throwing
 + Level 3.9 Dodging


You had 5 spell levels left.
You didn't know any spells.

Dungeon Overview and Level Annotations

Branches:
Dungeon (4/16)
 Temple: D:4-7

Altars:

Annotations:
D:3 Grinder; Sigmund
D:4 Fv001's ghost, average DjFi


Innate Abilities, Weirdness & Mutations

You are too large for most types of armour.
You have a fast metabolism.
You can tolerate rotten meat.
You have tough skin (AC +1).


Message History

Sigmund appears from thin air!
Reactivating autopickup.
Sigmund casts a spell at you. The puff of flame hits you!
* * * LOW HITPOINT WARNING * * *
Sigmund gestures at you while chanting. The magic dart hits you!
* * * LOW HITPOINT WARNING * * *
You see here a poisoned needle.
Sigmund zaps a wand.
You easily resist.
Sigmund zaps a wand.
You easily resist.
You see here a poisoned needle.
Sigmund casts a spell.
Sigmund flickers and vanishes!
Deactivating autopickup; reactivate with Ctrl-A.
You see here a poisoned needle.
The magic dart hits you!
* * * LOW HITPOINT WARNING * * *
There is a stone staircase leading up here.
The puff of flame hits you!
You die...

##### .......#
........# #........#
######## #........#
#......# #........#
#......#
#........#######....).'
#....(...(...).'......#
#....(@((#######......#
######.### #####'##
#..# #..# #.## ######'#
###.##### #.......
#.......# #.......
#.......######.......
#.......##...'...)...
#.......##.###.......


There were no monsters in sight!

Vanquished Creatures
  A sky beast (D:3)
  An ice beast (D:3)
  6 adders
  A giant mite (D:3)
  A worm (D:2)
  3 giant geckos
  An orc (D:3)
  A ball python (D:3)
  12 bats
  11 goblins
  11 hobgoblins
  7 kobolds
  A quokka (D:2)
  A giant cockroach (D:1)
  2 giant newts
  6 rats
66 creatures vanquished.

Notes
Turn   | Place    | Note
--------------------------------------------------------------
     0 | D:1      | HollowCharge, the Ogre Gladiator, began the quest for the Orb.
     0 | D:1      | Reached XP level 1. HP: 22/22 MP: 1/1
   530 | D:1      | Reached XP level 2. HP: 31/31 MP: 2/2
  1393 | D:2      | Reached XP level 3. HP: 34/37 MP: 3/3
  1846 | D:2      | Reached skill level 5 in Maces & Flails
  1930 | D:2      | Reached XP level 4. HP: 39/48 MP: 4/4
  2660 | D:3      | Noticed Sigmund
  3100 | D:3      | Reached XP level 5. HP: 28/55 MP: 5/5
  3330 | D:3      | Noticed Grinder
  3335 | D:3      | Paralysed by Grinder for 6 turns
  3374 | D:4      | Noticed an ogre
  3380 | D:4      | Noticed Fv001's ghost (average DjFi)
  3433 | D:3      | Noticed an ice beast
  3448 | D:3      | Killed an ice beast
  3448 | D:3      | Reached skill level 6 in Maces & Flails
  3642 | D:3      | Noticed a sky beast
  3660 | D:3      | Killed a sky beast
  3660 | D:3      | Reached skill level 5 in Fighting
  3660 | D:3      | Reached XP level 6. HP: 45/66 MP: 6/6
  3882 | D:3      | Killed from afar by Sigmund

Action                   |  1- 3 |  4- 6 || total
-------------------------+-------+-------++-------
Melee: Mace              |    66 |       ||    66
       Whip              |    42 |   140 ||   182
Throw: Throwing net      |     6 |    10 ||    16
  Use: Scroll            |       |     3 ||     3
       Potion            |       |     1 ||     1
 Stab: Held in net/web   |     1 |     2 ||     3
